 Seeded DCSS version 0.27-a0-562-g0d39f094a4 (webtiles) character file.

Game seed: 16989952797484863983 (custom seed)

4154 karrick the Cleaver (level 10, -1/74 HPs)
             Began as a Demonspawn Gladiator on Mar 8, 2021.
             Was a Priest of Okawaru.
             Slain by a four-headed hydra (3 damage)
             ... on level 9 of the Dungeon.
             The game lasted 00:11:57 (10520 turns).

karrick the Cleaver (Demonspawn Gladiator)         Turns: 10520, Time: 00:12:00

Health: -1/74      AC:  9    Str: 16    XL:     10   Next: 7%
Magic:  15/16      EV: 18    Int: 11    God:    Okawaru [***...]
Gold:   471        SH:  9    Dex: 21    Spells: 9/9 levels left

rFire    + . .     SeeInvis .   I - +2 flail (vorpal)
rCold    . . .     Faith    .   (no shield)
rNeg     . . .     Spirit   .   v - +1 leather armour {rPois}
rPois    +         Reflect  +   (helmet restricted)
rElec    .         Harm     .   f - +0 cloak
rCorr    .         Rampage  .   E - +0 pair of gloves
Will     .....                  (no boots)
Stlth    ++++......             K - amulet of reflection
HPRegen  0.22/turn              o - ring of protection from fire
MPRegen  0.15/turn              s - +6 ring of dexterity

@: heroic
A: antennae 2, sharp scales 2, condensation shield
a: Renounce Religion, Heroism


You were on level 9 of the Dungeon.
You worshipped Okawaru.
Okawaru was most pleased with you.
You visited 2 branches of the dungeon, and saw 10 of its levels.

You collected 471 gold pieces.

Inventory:

Hand Weapons
 a - a +0 war axe
 t - a +5 hand axe
 I - a +2 vorpal flail (weapon)
Missiles
 d - 2 throwing nets (quivered)
Armour
 b - a +0 leather armour
 f - a +0 cloak (worn)
 k - +0 gold dragon scales
 v - a +1 leather armour of poison resistance (worn)
 E - a +0 pair of gloves (worn)
Jewellery
 o - a ring of protection from fire (left hand)
 s - a +6 ring of dexterity (right hand)
 y - a ring of magical power
 D - a ring of flight
 K - an amulet of reflection (around neck)
 L - a +6 ring of dexterity
Wands
 m - a wand of polymorph (2)
 w - a wand of mindburst (5)
 H - a wand of flame (18)
 J - a wand of paralysis (13)
 M - a wand of charming (9)
 N - a wand of random effects (25)
Scrolls
 c - a scroll of blinking {unknown}
 e - 2 scrolls of enchant weapon {unknown}
 g - 6 scrolls of identify {unknown}
 h - a scroll of fog {unknown}
 i - 2 scrolls of immolation {unknown}
 q - 3 scrolls of enchant armour {unknown}
 u - 5 scrolls of teleportation {unknown}
 B - a scroll of magic mapping {unknown}
 F - 2 scrolls of random uselessness {unknown}
 O - a scroll of amnesia {unknown}
Potions
 j - 3 potions of attraction {unknown}
 l - a potion of cancellation {unknown}
 n - 2 potions of mutation {unknown}
 p - a potion of might {unknown}
 r - 4 potions of curing {unknown}
 x - 3 potions of flight {unknown}
 z - 3 potions of heal wounds {unknown}
 A - 3 potions of brilliance {unknown}
 C - a potion of degeneration {unknown}
 G - 2 potions of berserk rage {unknown}


   Skills:
 + Level 5.2(10.2) Fighting
 + Level 9.0(14.0) Axes
 + Level 1.8(6.8) Throwing
 + Level 3.6(8.6) Armour
 + Level 4.6(9.6) Dodging
 + Level 3.6(8.6) Stealth
 + Level 2.4(7.4) Shields
 * Level 8.6 Invocations


You had 9 spell levels left.
You didn't know any spells.
Your spell library contained the following spells:

 Spells                   Type           Power      Damage    Failure   Level
 Animate Skeleton         Necr           0%         N/A       38%         1
 Apportation              Tloc           0%         N/A       38%         1
 Corona                   Hex            0%         N/A       38%         1
 Magic Dart               Conj           0%         1d3       38%         1
 Summon Small Mammal      Summ           0%         N/A       38%         1
 Blink                    Tloc           N/A        N/A       54%         2
 Call Imp                 Summ           0%         N/A       54%         2
 Slow                     Hex            0%         N/A       54%         2
 Conjure Flame            Conj/Fire      0%         6-21      77%         3
 Mephitic Cloud           Conj/Pois/Air  0%         N/A       77%         3


Dungeon Overview and Level Annotations

Branches:
Dungeon (9/15)             Temple (1/1) D:7
   Lair: D:8-11         Orc: D:9-12

Altars:
Ashenzari
Cheibriados
Dithmenos
Elyvilon
Fedhas
Hepliaklqana
Kikubaaqudgha
Makhleb
Nemelex Xobeh
Okawaru
Qazlal
Ru
Sif Muna
Trog
Uskayaw
Vehumet
Wu Jian
Xom
Yredelemnul
Zin
The Shining One

Shops:
D:6 :


Innate Abilities, Weirdness & Mutations

You have a pair of antennae on your head.
You are mostly covered in razor-sharp scales. (AC +2, Slay +2)
A meltable shield of frost defends you. (SH +4)


Message History

The four-headed hydra is heavily wounded.
The four-headed hydra bites you. x2
You block the four-headed hydra's attack.
The four-headed hydra barely misses you.
You hit the four-headed hydra.
The four-headed hydra is heavily wounded.
The four-headed hydra misses you. The four-headed hydra bites you.
The four-headed hydra bites you!
The four-headed hydra completely misses you.
You sock the four-headed hydra!
The four-headed hydra is almost dead.
The four-headed hydra closely misses you.
The four-headed hydra barely misses you.
The four-headed hydra bites you. x2
You are too injured to fight recklessly!
You are too injured to fight recklessly!
You are too injured to fight recklessly!
You are too injured to fight recklessly!
You barely miss the four-headed hydra.
The four-headed hydra is almost dead.
The four-headed hydra bites you! The four-headed hydra misses you.
The four-headed hydra bites you.
The four-headed hydra barely misses you.
You hit the four-headed hydra.
The four-headed hydra is almost dead.
The four-headed hydra bites you!
* * * LOW HITPOINT WARNING * * *
The four-headed hydra barely misses you.
The four-headed hydra bites you but does no damage.
The four-headed hydra closely misses you.
Okay, then.
You sock the four-headed hydra!
The four-headed hydra is almost dead.
You barely miss the four-headed hydra.
The four-headed hydra is almost dead.
The four-headed hydra completely misses you.
The four-headed hydra bites you!
* * * LOW HITPOINT WARNING * * *
The four-headed hydra bites you.
You die...

...#
#..............#
...#
#.....#..#.....#
...#
#.##........##.#
.#.# #.
#.######....# #
... #....# ###
.. #.#..# ..#
#.#..# #.#
#....# #.#
#@...# #.#
#D.#.# #.#
#....# #.#
####....# #.#
#....##.# #.#
#.#..##.# ###
#.....(.#
###.....#
#.###.#


You could see a four-headed hydra.

Vanquished Creatures
  Erolcha (D:9)
  Prince Ribbit (D:7)
  Sigmund (D:5)
  Eustachio (D:4)
  2 ice beasts
  5 sky beasts
  An orc warrior (D:7)
  2 necrophages
  A centaur (D:9)
  4 ogres
  A phantom (D:6)
  A bullfrog (D:7)
  2 scorpions
  5 howler monkeys
  3 wights (D:9)
  6 hounds
  A quasit (D:8)
  2 orc priests
  3 jellies
  Jessica (D:2)
  An iguana (D:8)
  Natasha (thrice) (D:2)
  6 orc wizards
  4 worker ants
  A howler monkey zombie (D:7)
  Robin (D:2)
  10 adders
  8 river rats (D:5)
  3 shadow imps
  3 ufetubi
  An ooze (D:3)
  An adder skeleton (D:4)
  3 worms
  3 dart slugs
  3 leopard geckos
  18 orcs
  3 giant cockroaches
  14 goblins
  7 hobgoblins
  11 jackals
  8 quokkas
  A ball python skeleton (D:4)
  4 bats
  2 frilled lizards (D:1)
  A jackal skeleton (D:4)
  4 kobolds
  22 rats
190 creatures vanquished.

Notes
Turn   | Place    | Note
-------+----------+-------------------------------------------
     0 | D:1      | karrick the Demonspawn Gladiator began the quest for the
                  | Orb.
     0 | D:1      | Reached XP level 1. HP: 16/16 MP: 1/1
   150 | D:1      | Reached skill level 3 in Axes
   201 | D:1      | Reached skill level 1 in Invocations
   201 | D:1      | Gained mutation: A meltable shield of frost defends you.
                  | (SH +4) [demonic ancestry]
   201 | D:1      | Reached XP level 2. HP: 22/22 MP: 2/2
  1166 | D:1      | Found a sparkling altar of Nemelex Xobeh.
  1380 | D:2      | Reached XP level 3. HP: 27/27 MP: 4/4
  1387 | D:2      | Reached skill level 1 in Armour
  1445 | D:2      | Noticed Natasha
  1742 | D:2      | Killed Natasha
  1967 | D:2      | Found a faded altar of an unknown god.
  1980 | D:2      | Gained mutation: You are partially covered in razor-sharp
                  | scales. (AC +1, Slay +1) [demonic ancestry]
  1980 | D:2      | Reached XP level 4. HP: 25/33 MP: 5/5
  2392 | D:2      | Noticed Robin
  2395 | D:2      | Noticed Jessica
  2408 | D:2      | Killed Robin
  2426 | D:2      | Killed Jessica
  2426 | D:2      | Noticed Natasha
  2427 | D:2      | Gained mutation: You are mostly covered in razor-sharp
                  | scales. (AC +2, Slay +2) [demonic ancestry]
  2427 | D:2      | Reached XP level 5. HP: 10/38 MP: 7/7
  2535 | D:2      | Killed Natasha
  2956 | D:2      | Noticed Natasha
  3108 | D:2      | Killed Natasha
  3109 | D:2      | Reached skill level 4 in Axes
  3852 | D:4      | Noticed Eustachio
  3867 | D:5      | Entered Level 5 of the Dungeon
  3966 | D:4      | Killed Eustachio
  3967 | D:4      | Gained mutation: You have a pair of small antennae on your
                  | head. [demonic ancestry]
  3967 | D:4      | Reached XP level 6. HP: 28/46 MP: 8/8
  4590 | D:5      | Noticed a sky beast
  4593 | D:6      | Found a stormy altar of Qazlal.
  4658 | D:6      | Found an ornate altar of the Wu Jian Council.
  4745 | D:6      | Reached skill level 5 in Axes
  4745 | D:6      | Gained mutation: You have a pair of antennae on your head.
                  | [demonic ancestry]
  4745 | D:6      | Reached XP level 7. HP: 26/51 MP: 10/10
  5055 | D:6      | Reached skill level 1 in Stealth
  5197 | D:6      | Found Bolemuum's Book Emporium.
  5502 | D:6      | Found a hazy altar of Hepliaklqana.
  5514 | D:6      | Reached skill level 1 in Shields
  5854 | D:6      | Reached skill level 5 in Invocations
  6192 | D:7      | Reached skill level 6 in Axes
  6234 | D:7      | Found a staircase to the Ecumenical Temple.
  6245 | D:7      | Reached XP level 8. HP: 40/58 MP: 11/11
  6254 | Temple   | Entered the Ecumenical Temple
  6600 | Temple   | Became a worshipper of Warmaster Okawaru
  6715 | D:7      | Noticed Prince Ribbit
  7620 | D:7      | Reached * piety under Okawaru
  7875 | D:7      | Killed Prince Ribbit
  8046 | D:5      | Reached skill level 7 in Axes
  8188 | D:5      | Noticed Sigmund
  8194 | D:5      | Found a shadowy altar of Dithmenos.
  8404 | D:5      | Reached XP level 9. HP: 47/65 MP: 14/14
  8730 | D:5      | Killed Sigmund
  8760 | D:5      | Found a shimmering altar of Xom.
  9115 | D:5      | Reached ** piety under Okawaru
  9569 | D:8      | Found a bloodstained altar of Trog.
  9584 | D:8      | Reached skill level 8 in Axes
 10101 | D:9      | Noticed a four-headed hydra
 10218 | D:9      | Noticed Erolcha
 10234 | D:9      | Killed Erolcha
 10234 | D:9      | Reached *** piety under Okawaru
 10235 | D:9      | Reached skill level 5 in Fighting
 10235 | D:9      | Reached XP level 10. HP: 74/74 MP: 14/16
 10370 | D:9      | Reached skill level 9 in Axes
 10520 | D:9      | HP: 2/74 [four-headed hydra (9)]
 10520 | D:9      | Slain by a four-headed hydra

Illustrated notes

Levels and vault maps discovered:
D:1:      nzn_arrival_depleted_hourglass, layout_basic, serial_forest,
          infiniplex_forest_straight_2, infiniplex_forest_lined_room_2,
          infiniplex_forest_clump_medium, infiniplex_forest_end_2,
          infiniplex_forest_diagonal, infiniplex_forest_end_double,
          infiniplex_forest_join, infiniplex_forest_corner_2, roderic_lattice_a,
          nemelex_diamond_rough_becter
D:2:      layout_basic, chequers_ecumenical_altar_simple_redux, minivault_19,
          uniq_natasha, uniq_jessica, uniq_robin
D:3:      layout_loops_ring
D:4:      layout_rooms, uniq_eustachio
D:5:      lemuel_ratsnest, layout_cave_pools, nicolae_dithmenos_shadow_blocks,
          zin_statuary, lemuel_altar_in_water, uniq_sigmund
D:6:      layout_loops_ring, lemuel_round_altar, general_overflow_altar,
          nicolae_wu_jian_immortal_techniques, serial_shops, shop, minmay_holes,
          minmay_misc_feat_encased, kennysheep_potato
D:7:      layout_gridville, nicolae_overflow_hidden_temple,
          minmay_temple_entry_statues, uniq_prince_ribbit1
D:8:      layout_rooms, kennysheep_mini
D:9:      layout_stronghold, uniq_erolcha
Temple:   regret_index_temple_generic_petals

Skill      XL: |  1  2  3  4  5  6  7  8  9 10 |
---------------+-------------------------------+-----
Axes           | 3 4 5 6 7 8 9 |  9.0
Invocations    | 1 3 4 5 6 8 |  8.6
Armour         | 1 2 3 |  3.6
Dodging        | 3 4 |  4.6
Stealth        | 1 2 3 |  3.6
Fighting       | 3 4 5 |  5.2
Shields        | 1 2 |  2.4
Throwing       | |  1.8

Action                   |  1- 3 |  4- 6 |  7- 9 | 10-12 || total
-------------------------+-------+-------+-------+-------++-------
Melee: War axe           |    81 |    81 |       |       ||   162
       Unarmed           |     5 |     2 |       |       ||     7
       Hand axe          |       |    65 |   384 |    28 ||   477
       Flail             |       |       |       |     8 ||     8
       Punch             |       |       |       |     1 ||     1
Throw: Throwing net      |     1 |       |       |       ||     1
Invok: Heroism           |       |       |     2 |     1 ||     3
 Stab: Sleeping          |     2 |     1 |     8 |       ||    11
       Distracted        |       |       |     3 |       ||     3
Armor: Leather armour    |    15 |    42 |    95 |     3 ||   155
Dodge: Dodged            |    46 |    95 |   190 |    30 ||   361
Block: Other             |    12 |    27 |    44 |    17 ||   100
       Reflection        |       |       |     2 |       ||     2

Table legend: (Time is in decaauts)
 A = Elapsed time spent in this place.
 B = Non-inter-level travel time spent in this place.
 C = Inter-level travel time spent in this place.
 D = Time resting spent in this place.
 E = Time spent auto-exploring this place.
 F = Levels seen in this place.
 G = Mean time per level.
                   A        B        C        D        E       F      G
               +--------+--------+--------+--------+--------+-----+--------+
         Total |  10577 |  10158 |    419 |    881 |   7700 |  10 | 1057.7 |
       Dungeon |  10209 |   9839 |    370 |    881 |   7389 |   9 | 1134.3 |
        Temple |    367 |    318 |     49 |      0 |    311 |   1 |  367.0 |
               +--------+--------+--------+--------+--------+-----+--------+

Top non-repeatable levels by time:
     D:1: 1799 daAuts
     D:6: 1655 daAuts
     D:7: 1647 daAuts
     D:2: 1397 daAuts
     D:5: 1279 daAuts
     D:3: 702 daAuts
     D:4: 685 daAuts
     D:9: 529 daAuts
     D:8: 512 daAuts
  Temple: 367 daAuts
